AoeStats
← bpaquereau

Lombardia

509542182Analyzed
4v4 RM · 6d ago on Sep 27, 2026· 76m 23s· 8 players
Game mode
Random Map
Map size
Large (8 player)
Population
200
Speed
Normal
Resources
Standard
Victory
Conquest
Starting age
Dark Age
Ending age
Imperial Age
RankedLock teamsTeams togetherTeam positionsShared explorationLock speedFull tech treeHidden civsTurbo modeCheats
Victory
Defeat
🇮🇳 Magyars · India
1164
+14
🇫🇷 Mongols · France
1126
+15
🇷🇺 Vietnamese · Russia
1123
+15
🇲🇽 Huns · Mexico
1119
+15
🇦🇷 Sicilians · Argentina
1158
-17
🇦🇷 Ethiopians · Argentina
1110
-15
🇦🇷 Magyars · Argentina
1098
-14
🇦🇷 Hindustanis · Argentina
1068
-13
Gas
7:12 Loom
9:42 Feudal Age
13:31 Wheelbarrow
12:49 Double-Bit Axe
12:48 Horse Collar
16:15 Bloodlines
22:34 Castle Age
20:41 Gold Mining
21:49 Fletching
23:27 Bodkin Arrow
23:36 Husbandry
24:26 Hand Cart
26:02 Town Watch
27:28 Bow Saw
29:11 Ballistics
29:56 Stone Mining
30:51 Heavy Plow
36:14 Imperial Age
36:14 Stone Shaft Mining
35:50 Scale Barding Armor
35:46 Padded Archer Armor
35:56 Forging
35:47 Scale Mail Armor
37:10 Bracer
37:32 Chain Barding Armor
38:28 Chemistry
37:09 Treadmill Crane
38:05 Town Patrol
39:08 Crop Rotation
40:29 Two-Man Saw
39:42 Light Cavalry
40:53 Chatras
41:29 Hoardings
41:33 Plate Barding Armor
41:56 Squires
41:42 Arson
42:55 Elite Fire Lancer
48:26 Pikeman
50:06 Halberdier
53:22 Elite Skirmisher
56:59 Sappers
57:45 Caravan
58:50 Guilds
59:54 Imperial Skirmisher
67:11 Capped Ram
[GDL] Doña Pelos
10:25 Feudal Age
9:09 Loom
11:31 Horse Collar
11:37 Double-Bit Axe
16:41 Bloodlines
17:18 Scale Barding Armor
23:13 Castle Age
21:29 Forging
21:18 Gold Mining
23:12 Fletching
24:27 Husbandry
24:53 Chain Barding Armor
24:50 Bow Saw
24:43 Heavy Plow
27:12 Iron Casting
26:45 Bodkin Arrow
28:40 Padded Archer Armor
28:48 Light Cavalry
30:25 Ballistics
32:57 Wheelbarrow
33:23 Thumb Ring
35:48 Hand Cart
40:38 Imperial Age
39:40 Masonry
39:19 Town Watch
40:25 Gold Shaft Mining
42:39 Chemistry
42:03 Chain Barding Armor
43:22 Blast Furnace
42:36 Cavalier
44:19 Parthian Tactics
44:39 Conscription
44:23 Marauders
44:37 Padded Archer Armor
44:39 Heavy Cavalry Archer
45:44 Squires
45:07 Pikeman
47:34 Scale Mail Armor
48:10 Plate Barding Armor
48:04 Bracer
51:12 Town Watch
52:11 Chain Mail Armor
54:31 Two-Man Saw
55:38 Caravan
55:34 Elite Tarkan
57:21 Town Patrol
61:08 Leather Archer Armor
70:48 Halberdier
71:28 Squires
72:46 Paladin
Butcher
8:05 Loom
11:02 Feudal Age
14:36 Castle Age
14:31 Double-Bit Axe
20:02 Town Watch
20:24 Fletching
22:59 Wheelbarrow
25:06 Hand Cart
25:35 Horse Collar
26:13 Bloodlines
28:38 Scale Barding Armor
29:22 Bodkin Arrow
30:28 Ballistics
31:31 Heavy Plow
31:44 Bow Saw
33:03 Husbandry
37:24 Imperial Age
35:22 Corvinian Army
36:55 Stone Mining
36:55 Gold Mining
37:42 Elite Magyar Huszar
38:43 Conscription
38:25 Recurve Bow
39:16 Parthian Tactics
38:57 Thumb Ring
41:20 Two-Man Saw
41:15 Gold Shaft Mining
41:12 Chain Barding Armor
44:35 Plate Barding Armor
44:01 Bracer
43:42 Heavy Cavalry Archer
46:53 Padded Archer Armor
47:55 Chemistry
48:25 Town Patrol
51:39 Leather Archer Armor
51:32 Siege Engineers
51:23 Murder Holes
51:39 Masonry
55:39 Caravan
56:43 Ring Archer Armor
67:41 Coinage
bpaquereau
6:53 Loom
10:17 Feudal Age
10:55 Double-Bit Axe
12:04 Wheelbarrow
14:57 Horse Collar
15:58 Bloodlines
26:41 Castle Age
26:22 Gold Mining
26:40 Fletching
27:39 Bow Saw
32:04 Gold Shaft Mining
32:35 Thumb Ring
34:43 Bodkin Arrow
38:06 Padded Archer Armor
39:17 Heavy Plow
40:58 Stone Mining
41:34 Hand Cart
43:53 Leather Archer Armor
45:04 Ballistics
49:29 Imperial Age
50:32 Bracer
53:00 Chemistry
52:52 Parthian Tactics
53:11 Husbandry
52:34 Heavy Cavalry Archer
58:52 Stone Shaft Mining
58:08 Town Watch
64:46 Coinage
64:17 Caravan
70:55 Banking
Mauribruno
11:35 Feudal Age
13:48 Bloodlines
20:41 Castle Age
18:40 Double-Bit Axe
19:29 Horse Collar
20:14 Gold Mining
22:20 Wheelbarrow
22:15 Bow Saw
28:12 Stone Mining
28:13 Loom
28:40 Husbandry
29:00 Scale Barding Armor
32:43 Coinage
32:13 Caravan
32:44 Chain Barding Armor
32:50 Heavy Plow
33:41 Forging
34:14 Hand Cart
39:15 Imperial Age
37:56 Iron Casting
37:27 Caravan
37:30 Town Watch
38:25 Gold Shaft Mining
38:25 Stone Shaft Mining
39:21 Cavalier
40:16 Town Patrol
41:08 Hauberk
41:24 Conscription
42:35 Plate Barding Armor
43:19 Banking
47:01 Conscription
48:55 Chemistry
53:07 Blast Furnace
56:05 Guilds
Jalame_el_dedo
9:38 Feudal Age
11:44 Double-Bit Axe
14:42 Bloodlines
24:10 Castle Age
25:03 Fletching
25:13 Padded Archer Armor
25:19 Scale Barding Armor
25:44 Bodkin Arrow
26:10 Husbandry
28:12 Leather Archer Armor
28:18 Chain Barding Armor
28:47 Chain Barding Armor
29:58 Ballistics
30:08 Caravan
37:10 Wheelbarrow
36:20 Loom
40:55 Imperial Age
41:01 Imperial Age
39:09 Town Watch
39:59 Scale Mail Armor
39:46 Horse Collar
40:16 Bow Saw
41:31 Heavy Cavalry Archer
42:37 Parthian Tactics
43:07 Bracer
44:34 Ring Archer Armor
45:06 Chemistry
47:01 Hand Cart
50:34 Plate Barding Armor
50:15 Chain Mail Armor
52:27 Corvinian Army
51:48 Elite Magyar Huszar
55:45 Recurve Bow
56:59 Conscription
57:45 Two-Man Saw
56:49 Heavy Plow
58:10 Town Patrol
58:45 Crop Rotation
60:39 Coinage
64:13 Siege Engineers
64:37 Capped Ram
Calamar100pre
6:53 Loom
11:41 Feudal Age
22:42 Castle Age
21:15 Forging
21:34 Scale Mail Armor
22:13 Stone Mining
23:13 Padded Archer Armor
23:04 Fletching
27:27 Wheelbarrow
27:07 Squires
29:54 Crossbowman
30:39 Bodkin Arrow
30:39 Horse Collar
31:03 Double-Bit Axe
32:30 Heavy Plow
35:22 Leather Archer Armor
36:53 Gold Mining
42:15 Imperial Age
40:19 Chain Mail Armor
40:41 Iron Casting
41:22 Thumb Ring
42:19 Arbalester
43:24 Bracer
43:55 Plate Mail Armor
43:57 Ring Archer Armor
44:37 Gold Shaft Mining
44:10 Caravan
48:57 Halberdier
50:41 Blast Furnace
52:10 Elite Shotel Warrior
68:57 Fortified Wall
fede_400
10:38 Feudal Age
13:04 Double-Bit Axe
15:18 Loom
18:30 Castle Age
18:48 Town Watch
19:31 Scale Barding Armor
23:24 Forging
27:29 Wheelbarrow
27:28 Squires
29:48 Scale Mail Armor
31:26 Chain Mail Armor
38:09 Imperial Age
36:31 Hand Cart
39:16 Iron Casting
39:16 Light Cavalry
40:06 Bloodlines
39:57 Husbandry
40:10 Elite Ghulam
42:53 Blast Furnace
44:05 Caravan
46:10 Conscription
47:36 Heavy Camel Rider
51:15 Imperial Camel Rider
53:05 Elite Skirmisher
53:51 Fletching
54:02 Padded Archer Armor
57:03 Pikeman
57:29 Arson
62:37 Bodkin Arrow
62:58 Leather Archer Armor
63:06 Chain Barding Armor
Connection lost

Rejoining the realm…

Still unreachable

The connection could not be restored.

Session expired

The server has moved on; the page needs a fresh start.